 Dungeon Crawl Stone Soup version 0.24-b1-30-g840c9efd86 (webtiles) character file.

Game seed: 11395670399503850789, levelgen mode: deterministic

6 lepoulpe303 the Chucker (level 1, -1/20 HPs)
             Began as a Troll Hunter on Oct 24, 2019.
             Slain by a hobgoblin
             ... wielding a +0 club
              (4 damage)
             ... on level 1 of the Dungeon.
             The game lasted 00:00:46 (133 turns).

lepoulpe303 the Chucker (Troll Hunter)               Turns: 133, Time: 00:00:46

Health: -1/20      AC:  6    Str: 19    XL:     1   Next: 75%
Magic:  0/0        EV: 10    Int:  7    God:
Gold:   0          SH:  0    Dex: 10    Spells: 0/0 levels left

rFire    . . .     SeeInvis .   (no weapon)
rCold    . . .     Gourm    +   (no shield)
rNeg     . . .     Faith    .   b - +0 robe
rPois    .         Spirit   .   (helmet restricted)
rElec    .         Reflect  .   (no cloak)
rCorr    .         Harm     .   (gloves unavailable)
MR       .....                  (boots unavailable)
Stlth    +.........             (no amulet)
HPRegen  0.46/turn              (no ring)
MPRegen  0.07/turn              (no ring)

@: no status effects
A: large, unfitting armour, claws 3, fast metabolism 3, gourmand, regeneration
1, shaggy fur 1, tough skin 3
a: no special abilities


You were on level 1 of the Dungeon.
You were not hungry.

You visited 1 branch of the dungeon, and saw 1 of its levels.

Inventory:

Hand Weapons
 a - a +0 short sword
Missiles
 c - 5 large rocks (quivered) {!d}
 d - 2 throwing nets {=f}
Armour
 b - a +0 robe (worn)
Comestibles
 e - 2 rations
 f - 4 chunks of flesh


   Skills:
 * Level 1.7 Fighting
 + Level 3.6 Throwing
 + Level 1.6 Dodging
 + Level 0.4 Stealth
 * Level 0.6 Unarmed Combat


You couldn't memorise any spells.
You didn't know any spells.
Your spell library was empty.

Dungeon Overview and Level Annotations

Branches:
Dungeon (1/15)

Altars:


Innate Abilities, Weirdness & Mutations

You are too large for most types of armour.
You have claws for hands.
Your metabolism is lightning-fast.
You like to eat raw meat.
Your natural rate of healing is unusually fast.
You are covered in fur. (AC +1)
You have extremely tough skin. (AC +3)


Message History

You take 5 damage, and have 7/20 hp.
MASSIVE DAMAGE!!
You scratch the hobgoblin. The hobgoblin hits you with a +0 club.
* * * LOW HITPOINT WARNING * * *
You take 2 damage, and have 5/20 hp.
You closely miss the hobgoblin.
A hobgoblin comes into view. It is wielding a +0 club.
A giant cockroach comes into view.
The kobold shouts!
The kobold hits you with a +0 dagger.
* * * LOW HITPOINT WARNING * * *
You take 1 damage, and have 5/20 hp.
You barely miss the giant cockroach.
The giant cockroach bites you but does no damage.
The hobgoblin hits you but does no damage.
The kobold hits you with a +0 dagger.
* * * LOW HITPOINT WARNING * * *
You take 3 damage, and have 2/20 hp.
The hobgoblin hits you with a +0 club.
You die...

.....# .......
..... . .... ...
...##....
#.#######.>.....
#.....).#$.##.#
#####.#gsg)...#
#..@#K.####
#####..# #..####
#.....# .
#..##.#...K
#..........
##.###.#....
#..# # ? = #.##


You could see a giant cockroach and 2 hobgoblins.

Levels and vault maps discovered:
D:1:      onia_arrival_mini_spirals, layout_loops_ring

Notes
Turn   | Place    | Note
-------+----------+-------------------------------------------
     0 | D:1      | lepoulpe303 the Troll Hunter began the quest for the Orb.
     0 | D:1      | Reached XP level 1. HP: 19/19 MP: 0/0
    92 | D:1      | Identified a +0 dagger
   112 | D:1      | Identified a +0 club
   118 | D:1      | Identified a +0 club
   126 | D:1      | HP: 5/20 [hobgoblin/+0 club (3)]
   129 | D:1      | Identified a +0 club
   131 | D:1      | HP: 5/20 [kobold/+0 dagger (2)]
   132 | D:1      | HP: 2/20 [kobold/+0 dagger (3)]
   133 | D:1      | Slain by a hobgoblin

Table legend:
 A = Turns spent in this place as a percentage of turns spent in the entire game.
 B = Non-inter-level travel turns spent in this place as a percentage of non-inter-level travel turns spent in the entire game.
 C = Inter-level travel turns spent in this place as a percentage of turns spent in this place.
 D = Turns resting spent in this place as a percentage of non-inter-level travel turns spent in this place.
 E = Turns spent auto-exploring this place as a percentage of non-inter-level travel turns spent in this place.
 F = Non-inter-level travel turns spent in this place divided by the number of levels of this place that you've seen.
                   A       B       C       D       E      F
               +-------+-------+-------+-------+-------+----------------------
         Total | 100.0 | 100.0 |   0.0 |   0.0 |  60.2 | 133.0
       Dungeon | 100.0 | 100.0 |   0.0 |   0.0 |  60.2 | 133.0
               +-------+-------+-------+-------+-------+----------------------

Table legend:
 A = Kills in this place as a percentage of kills in entire the game.
 B = Kills by you in this place as a percentage of kills by you in the entire game.
 C = Kills by friends in this place as a percentage of kills by friends in the entire game.
 D = Other kills in this place as a percentage of other kills in the entire game.
 E = Experience gained in this place as a percentage of experience gained in the entire game.
 F = Experience gained in this place divided by the number of levels of this place that you have seen.
                   A       B       C       D       E      F
               +-------+-------+-------+-------+-------+----------------------
         Total | 100.0 | 100.0 |   N/A |   N/A | 100.0 |   9.0
       Dungeon | 100.0 | 100.0 |   N/A |   N/A | 100.0 |   9.0
               +-------+-------+-------+-------+-------+----------------------

Action                   || total
-------------------------++-------
Melee: Unarmed           ||    23
  Eat: Chunk             ||     2
Armor: Robe              ||    13
Dodge: Dodged            ||    14

Vanquished Creatures
  A bat (D:1)
  A hobgoblin (D:1)
  2 jackals (D:1)
  A kobold (D:1)
5 creatures vanquished.
